 Dungeon Crawl Stone Soup version 0.23.2-30-g0e89c35649 (webtiles) character file.

Game seed: 13897008966357816402

39536 cab the Geomancer (level 14, 0/90 HPs)
             Began as a Gargoyle Earth Elementalist on June 14, 2019.
             Was a High Priest of Vehumet.
             Succumbed to barbed spike wounds
             ... on level 6 of the Lair of Beasts on June 24, 2019.
             The game lasted 02:03:40 (30123 turns).

cab the Geomancer (Gargoyle Earth Elementalist)    Turns: 30123, Time: 02:03:41

Health: 0/90       AC: 15    Str: 12    XL:     14   Next: 7%
Magic:  35/35      EV: 15    Int: 21    God:    Vehumet [*****.]
Gold:   1026       SH:  4    Dex: 10    Spells: 17/29 levels left

rFire    + + .     SeeInvis .   i - staff of fire
rCold    x . .     Gourm    .   z - +0 buckler
rNeg     + . .     Faith    .   x - +0 leather armour
rPois    ∞         Spirit   .   (no helmet)
rElec    +         Reflect  .   a - +0 cloak
rCorr    .         Harm     .   m - +0 pair of gloves
MR       +....                  (no boots)
Stlth    ++........             B - amulet of the acrobat
HPRegen  0.25/turn              w - ring of magical power
MPRegen  0.24/turn              e - ring of fire

@: barbed spikes
A: big wings, negative energy resistance 1, electricity resistance, unbreathing,
petrification resistance, rot immunity, AC +10
a: Fly, Renounce Religion


You were on level 6 of the Lair of Beasts.
You worshipped Vehumet.
Vehumet was extremely pleased with you.
You were not hungry.

You visited 3 branches of the dungeon, and saw 20 of its levels.

You collected 1097 gold pieces.
You spent 71 gold pieces at shops.

Inventory:

Hand Weapons
 f - a +0 hunting sling
 A - a +2 dagger of venom
 G - a +0 shortbow
 H - a +0 morningstar
 J - a +1 quarterstaff of protection
Missiles
 b - 284 stones (quivered)
 h - 206 bolts
 n - 197 sling bullets
 r - 268 arrows
Armour
 a - a +0 cloak (worn)
 m - a +0 pair of gloves (worn)
 x - a +0 leather armour (worn)
 z - a +0 buckler (worn)
 R - a +1 robe of cold resistance
 T - the +15 Maxwell's patent armour {-Cast -Tele rElec MR+ rCorr}
   (You found it on level 3 of the Lair of Beasts)

   It insulates you from electricity.
   It affects your resistance to hostile enchantments.
   It prevents spellcasting.
   It prevents most forms of teleportation.
   It provides partial protection from all sources of acid and corrosion.
Magical Staves
 i - an uncursed staff of fire (weapon)
 y - an uncursed staff of air {unknown}
Jewellery
 e - a ring of fire (right hand)
 w - a ring of magical power (left hand)
 B - an amulet of the acrobat (around neck)
 D - an uncursed ring of ice
Wands
 l - a wand of acid (6)
 K - a wand of clouds (4)
 N - a wand of flame (4)
 Y - a wand of disintegration (6)
Scrolls
 j - 2 scrolls of fear
 k - 7 scrolls of teleportation
 p - 5 scrolls of enchant weapon
 q - 10 scrolls of remove curse
 u - 3 scrolls of amnesia
 E - 2 scrolls of noise
 F - a scroll of torment {unknown}
 O - a scroll of brand weapon
 P - a scroll of magic mapping
 S - 4 scrolls of enchant armour
 Z - a scroll of fog
Potions
 c - a potion of heal wounds
 g - 5 potions of brilliance
 o - a potion of flight
 s - 3 potions of haste
 t - 8 potions of lignification
 v - 8 potions of curing
 C - 2 potions of cancellation
 I - a potion of ambrosia
 M - a potion of berserk rage
 V - a potion of might
 W - 2 potions of agility
 X - a potion of resistance
Miscellaneous
 U - a crystal ball of energy
Comestibles
 d - 34 rations
 L - a chunk of flesh


   Skills:
 + Level 11.2 Fighting
 - Level 8.1 Dodging
 - Level 2.1 Stealth
 - Level 4.3 Shields
 - Level 8.0 Spellcasting
 - Level 8.0 Conjurations
   Level 0.7 Transmutations
 * Level 8.1 Fire Magic
 + Level 14.2 Earth Magic
 + Level 5.5 Evocations


You had 17 spell levels left.
You knew the following spells:

 Your Spells              Type           Power        Failure   Level  Hunger
a - Sandblast             Erth           ######       1%          1    None
b - Stone Arrow           Conj/Erth      ######       1%          3    None
c - Lee's Rapid Deconstr  Erth           ######....   1%          5    #####..
d - Conjure Flame         Conj/Fire      #######.     1%          3    None

Your spell library contained the following spells:

 Spells                   Type           Power        Failure   Level  Hunger
 Bolt of Magma            Conj/Fire/Erth #######...   1%          5    #####..
 Magic Dart               Conj           ####         1%          1    None
 Passwall                 Tmut/Erth      #####...     1%          2    None
 Searing Ray              Conj           #####.       1%          2    None
 Throw Frost              Conj/Ice       ####..       1%          2    None
 Dazzling Spray           Conj/Hex       ####..       1%          3    None
 Inner Flame              Hex/Fire       ######..     1%          3    None
 Iskenderun's Mystic Bla  Conj           #####...     1%          4    ###....
 Freeze                   Ice            #...         2%          1    None
 Petrify                  Tmut/Erth      #####...     4%          4    ###....
 Force Lance              Conj/Tloc      ####....     5%          4    ###....
 Fulminant Prism          Conj/Hex       ####......   5%          4    ###....
 Leda's Liquefaction      Hex/Erth       #####.....   5%          4    ###....
 Throw Icicle             Conj/Ice       ####....     5%          4    ###....
 Confusing Touch          Hex            #.....       10%         1    None
 Corona                   Hex            #......      10%         1    None
 Slow                     Hex            #.......     16%         2    None
 Confuse                  Hex            #.......     30%         3    None
 Gell's Gravitas          Tloc           #.........   30%         3    None
 Ozocubu's Armour         Chrm/Ice       #.......     30%         3    None
 Portal Projectile        Hex/Tloc       #.....       30%         3    None
 Yara's Violent Unravell  Hex/Tmut       #.........   50%         5    #####..
 Cause Fear               Hex            #.........   69%         4    ###....
 Summon Ice Beast         Ice/Summ       #.......     69%         4    ###....
 Metabolic Englaciation   Hex/Ice        #.........   95%         5    #####..


Dungeon Overview and Level Annotations

Branches:
Dungeon (13/15)            Temple (1/1) D:6            Lair (6/6) D:10
  Swamp (0/4) Lair:4        Snake (0/4) Lair:3        Slime (0/5) Lair:6
    Orc: D:9-12      Vaults: D:13-14

Altars:
Ashenzari
Dithmenos
Elyvilon
Fedhas
Kikubaaqudgha
Okawaru
Trog
Vehumet
Wu Jian
Zin
The Shining One
Jiyva

Shops:
D:4 ?   D:5 *[[   D:8 =

Annotations:
D:5 1 runed translucent door, zikan's ghost, novice MiBe
D:7 1 runed translucent door, Zanta616's ghost, novice DEFE
D:8 Gastronok
D:11 exclusion: orange crystal statue
Lair:1 2 transporters, IjonTichy1's ghost, journeyman DsCK


Innate Abilities, Weirdness & Mutations

You are resistant to torment.
Your stone body is resilient. (AC +10)
You are immune to poison.
Your large and strong wings let you fly indefinitely.
You resist negative energy. (rN+)
You are resistant to electric shocks. (rElec)
You can survive without breathing.
You are immune to petrification.
You are immune to rotting.


Message History

The yak gores you but does no damage.
The barbed spikes dig painfully into your body as you move.
The barbed spikes dig painfully into your body as you move.
The death yak gores you!!
* * * LOW HITPOINT WARNING * * *
The barbed spikes dig painfully into your body as you move.
* * * LOW HITPOINT WARNING * * *
You feel much better. The death yak gores you!
* * * LOW HITPOINT WARNING * * *
The yak gores you!
* * * LOW HITPOINT WARNING * * *
The barbed spikes dig painfully into your body as you move.
* * * LOW HITPOINT WARNING * * *
The yak gores you.
* * * LOW HITPOINT WARNING * * *
The barbed spikes dig painfully into your body as you move.
* * * LOW HITPOINT WARNING * * *
There is a stone staircase leading up here.
The barbed spikes dig painfully into your body as you move.
You die...

.#######.#...## ##.....#PP..#####
.### ##...### ##...###P..#
..P#####....#.# ####......P.#####
...##..###....###........P......#
........................PP.......
.................................
................................#
.................Y..............#
................@Y.Y............#
.................YYH............#
.................................
.................................
#P....#.#...#................##.#
##...P##....#.#................##
#...####...###................#
##..P##.#...#.................###
....................÷............


You could see 2 death yaks, a manticore and 3 yaks.

Vanquished Creatures
  Josephine (Lair:5)
  3 hydras
  Fannar (Lair:3)
  2 catoblepae
  A two-headed ogre (D:10)
  5 death yaks
  Urug (Lair:4)
  Sonja (D:10)
  A deep elf mage (D:10)
  Maurice (D:10)
  3 elephants (Lair:3)
  5 black mambas
  A centaur skeleton (D:9)
  11 spiny frogs
  6 komodo dragons
  A hornet (D:7)
  Prince Ribbit (D:5)
  A slime creature (D:9)
  14 blink frogs
  2 bog bodies (Lair:4)
  7 dream sheep
  7 hippogriffs
  2 wyverns
  A spriggan (D:8)
  3 wraiths (Lair:5)
  35 yaks
  3 basilisks
  Menkaure (D:5)
  A hungry ghost (D:8)
  An acid dragon (D:6)
  9 porcupines
  21 water moccasins
  A sky beast (D:10)
  2 orc warriors (D:9)
  An ice beast (D:9)
  5 ogres
  A phantom (D:7)
  8 wolves
  A necrophage (D:9)
  3 centaurs
  11 crocodiles
  2 big kobolds
  15 bullfrogs
  3 scorpions
  9 killer bees
  4 wights
  5 howler monkeys
  5 crimson imps
  A bullfrog zombie (D:10)
  A bullfrog skeleton (D:7)
  4 hounds
  2 jellies
  Crazy Yiuf (D:4)
  3 orc wizards
  4 iguanas
  Ijyb (D:4)
  6 worker ants
  A hound zombie (D:7)
  2 hound skeletons
  2 worker ant zombies
  21 adders
  4 shadow imps
  3 oozes
  3 adder skeletons
  An adder zombie (D:9)
  4 worms
  2 dart slugs
  7 leopard geckos
  22 orcs
  4 ball pythons
  11 bats
  2 bat zombies (D:9)
  6 giant cockroaches
  6 goblins
  9 hobgoblins
  4 jackals (D:2)
  36 kobolds
  3 quokkas
  8 frilled lizards
  A jackal skeleton (D:4)
  A jackal zombie (D:7)
  A leopard gecko skeleton (D:6)
  A quokka skeleton (D:6)
  6 rats (D:2)
  2 fungi
425 creatures vanquished.

Vanquished Creatures (others)
  9 fungi
  11 plants
20 creatures vanquished.

Grand Total: 445 creatures vanquished

Notes
Turn   | Place    | Note
-------+----------+-------------------------------------------
     0 | D:1      | cab the Gargoyle Earth Elementalist began the quest for the
                  | Orb.
     0 | D:1      | Reached XP level 1. HP: 10/10 MP: 3/3
   116 | D:1      | Reached skill level 4 in Earth Magic
   329 | D:1      | Reached XP level 2. HP: 8/15 MP: 5/5
   976 | D:1      | Reached XP level 3. HP: 8/19 MP: 4/6
  1155 | D:1      | Learned a level 3 spell: Stone Arrow
  1175 | D:1      | Reached skill level 5 in Earth Magic
  1757 | D:2      | Reached skill level 1 in Conjurations
  1772 | D:2      | Reached XP level 4. HP: 15/24 MP: 5/7
  2033 | D:2      | Found a faded altar of an unknown god.
  3263 | D:3      | Reached XP level 5. HP: 10/28 MP: 4/8
  3640 | D:3      | Reached skill level 6 in Earth Magic
  3829 | D:3      | Noticed a centaur
  3839 | D:3      | Killed a centaur
  3839 | D:3      | Reached skill level 1 in Shields
  3919 | D:3      | Reached XP level 6. HP: 19/32 MP: 9/9
  5121 | D:4      | Found Xotsecve's Magic Scroll Emporium.
  5166 | D:4      | Bought a scroll of fear for 45 gold pieces
  5166 | D:4      | Bought a scroll of identify for 26 gold pieces
  5172 | D:4      | Noticed Ijyb
  5192 | D:4      | Killed Ijyb
  5559 | D:4      | Found a runed translucent door.
  5560 | D:4      | Noticed Crazy Yiuf
  5569 | D:4      | Killed Crazy Yiuf
  5708 | D:5      | Entered Level 5 of the Dungeon
  5775 | D:5      | Found Virumn's General Store.
  5794 | D:5      | Found Haukileu's Antique Armour Shoppe.
  5877 | D:5      | Found Uzydo's Antique Armour Shoppe.
  5932 | D:4      | Reached XP level 7. HP: 25/36 MP: 8/10
  6034 | D:5      | Reached skill level 7 in Earth Magic
  6177 | D:5      | Found a runed translucent door.
  6192 | D:5      | Noticed zikan's ghost (novice MiBe)
  6443 | D:5      | Noticed Menkaure
  6446 | D:5      | Killed Menkaure
  6514 | D:5      | Noticed Prince Ribbit
  6518 | D:5      | Killed Prince Ribbit
  6518 | D:5      | Reached skill level 5 in Conjurations
  6518 | D:5      | Reached XP level 8. HP: 41/41 MP: 4/11
  6690 | D:5      | Reached skill level 8 in Earth Magic
  7331 | D:6      | Found a staircase to the Ecumenical Temple.
  7383 | Temple   | Entered the Ecumenical Temple
  7393 | Temple   | Became a worshipper of Vehumet
  7550 | D:6      | HP: 2/41 [acid dragon (11)]
  7794 | D:5      | Reached skill level 9 in Earth Magic
  8075 | D:5      | Learned a level 5 spell: Lee's Rapid Deconstruction
  9058 | D:7      | Noticed Zanta616's ghost (novice DEFE)
  9249 | D:7      | Reached XP level 9. HP: 23/45 MP: 12/12
  9262 | D:7      | Reached * piety under Vehumet
  9262 | D:7      | Offered knowledge of Sting by Vehumet.
  9266 | D:7      | Reached skill level 10 in Earth Magic
  9433 | D:7      | Found a runed translucent door.
  9867 | D:7      | Reached skill level 1 in Fighting
 10633 | D:8      | Noticed a hornet
 10650 | D:7      | Killed a hornet
 11149 | D:8      | Noticed Gastronok
 11443 | D:8      | Found Haeranun's Jewellery Shop.
 11583 | D:8      | Reached XP level 10. HP: 45/56 MP: 15/15
 11596 | D:8      | Reached skill level 11 in Earth Magic
 12159 | D:9      | Reached ** piety under Vehumet
 12159 | D:9      | Offered knowledge of Freeze by Vehumet.
 12989 | D:9      | Found a shattered altar of Ashenzari.
 13200 | D:9      | Reached skill level 5 in Fighting
 13740 | D:9      | Found an ancient bone altar of Kikubaaqudgha.
 13787 | D:10     | Entered Level 10 of the Dungeon
 13804 | D:10     | Noticed a deep elf mage
 13810 | D:10     | Noticed Maurice
 13819 | D:10     | Killed a deep elf mage
 13819 | D:10     | Reached skill level 5 in Spellcasting
 13825 | D:10     | Killed Maurice
 14434 | D:10     | Noticed Sonja
 14438 | D:10     | Offered knowledge of Conjure Flame by Vehumet.
 14443 | D:10     | Noticed a two-headed ogre
 14762 | D:10     | Found a staircase to the Lair.
 15061 | D:10     | Killed a two-headed ogre
 15061 | D:10     | Reached skill level 5 in Dodging
 15061 | D:10     | Reached skill level 12 in Earth Magic
 15061 | D:10     | Reached XP level 11. HP: 55/66 MP: 13/19
 15145 | D:10     | Killed Sonja
 15228 | D:10     | You fall through a shaft for 3 floors!
 15255 | D:11     | Noticed an orange crystal statue
 15313 | D:10     | Reached *** piety under Vehumet
 15982 | Lair:1   | Entered Level 1 of the Lair of Beasts
 16054 | Lair:1   | Noticed a four-headed hydra
 16217 | Lair:1   | Killed a four-headed hydra
 16419 | D:10     | Learned a level 3 spell: Conjure Flame
 16613 | Lair:1   | Offered knowledge of Mephitic Cloud by Vehumet.
 16834 | Lair:1   | Found a transporter.
 16837 | Lair:1   | Found a transporter.
 16838 | Lair:1   | Noticed IjonTichy1's ghost (journeyman DsCK)
 17180 | Lair:1   | Reached skill level 1 in Fire Magic
 18763 | Lair:1   | Reached XP level 12. HP: 39/73 MP: 22/22
 20759 | Lair:3   | Reached **** piety under Vehumet
 20994 | Lair:3   | Found a staircase to the Snake Pit.
 21006 | Lair:3   | Found the +15 Maxwell's patent armour {-Cast -Tele rElec
                  | MR+ rCorr}
 21803 | Lair:3   | Offered knowledge of Sticky Flame by Vehumet.
 21958 | Lair:3   | Noticed Fannar
 21971 | Lair:3   | Killed Fannar
 22451 | Lair:3   | Reached skill level 1 in Evocations
 23263 | Lair:4   | Reached skill level 5 in Fire Magic
 23319 | Lair:4   | Found a gate leading to a gauntlet.
 23684 | Lair:3   | Reached skill level 13 in Earth Magic
 23774 | Lair:4   | Noticed a six-headed hydra
 23780 | Lair:4   | Killed a six-headed hydra
 24171 | Lair:4   | Found a staircase to the Swamp.
 24177 | Lair:4   | Reached XP level 13. HP: 80/81 MP: 24/25
 24193 | Lair:4   | Noticed Urug
 24992 | Lair:4   | Reached skill level 10 in Fighting
 25971 | Lair:4   | Killed Urug
 26377 | Lair:5   | Noticed Josephine
 26484 | Lair:5   | Killed Josephine
 28087 | Lair:6   | Entered Level 6 of the Lair of Beasts
 28349 | Lair:6   | Reached skill level 14 in Earth Magic
 28572 | Lair:6   | Reached skill level 5 in Evocations
 29190 | Lair:6   | Found a viscous altar of Jiyva.
 29190 | Lair:6   | Found a staircase to the Slime Pits.
 29630 | Lair:6   | Reached ***** piety under Vehumet
 29639 | Lair:6   | Gained mutation: Your large and strong wings let you fly
                  | indefinitely. [Gargoyle growth]
 29639 | Lair:6   | Reached XP level 14. HP: 86/90 MP: 22/26
 29727 | Lair:6   | Offered knowledge of Bolt of Magma by Vehumet.
 30121 | Lair:6   | HP: 3/90 [barbs]
 30123 | Lair:6   | Succumbed to barbed spike wounds

Skill      XL: |  1  2  3  4  5  6  7  8  9 10 11 12 13 14 |
---------------+-------------------------------------------+-----
Earth Magic    | 4 5 6 7 9 10 12 13 14 | 14.2
Conjurations   | 1 2 3 4 5 7 8 |  8.0
Shields        | 1 2 4 |  4.3
Fighting       | 3 6 8 9 11 | 11.2
Dodging        | 3 5 6 7 8 |  8.1
Spellcasting   | 3 5 7 8 |  8.0
Fire Magic     | 2 5 7 8 |  8.1
Evocations     | 2 5 |  5.5
Stealth        | |  2.1
Transmutations | |  0.7

Action                   |  1- 3 |  4- 6 |  7- 9 | 10-12 | 13-15 || total
-------------------------+-------+-------+-------+-------+-------++-------
Melee: Unarmed           |    30 |       |       |       |       ||    30
       Dagger            |    20 |    96 |   370 |   650 |    17 ||  1153
       Club              |   114 |   172 |       |       |       ||   286
       Whip              |       |    91 |       |       |       ||    91
       Staff             |       |       |       |     5 |   111 ||   116
 Cast: Sandblast         |    17 |    44 |    85 |   179 |   150 ||   475
       Stone Arrow       |       |     3 |     2 |    43 |   102 ||   150
       Lee's Rapid Decon |       |       |       |    19 |     9 ||    28
  Use: Scroll            |       |    12 |     6 |     7 |     2 ||    27
       Potion            |       |       |       |       |     1 ||     1
 Stab: Sleeping          |       |     3 |       |     2 |       ||     5
  Eat: Chunk             |     3 |    15 |    19 |    39 |    11 ||    87
       Ration            |       |       |       |     2 |     3 ||     5
Armor: Robe              |    81 |   130 |       |       |       ||   211
       Leather armour    |       |    33 |   191 |   330 |    93 ||   647
Dodge: Dodged            |   127 |   308 |   277 |   592 |   176 ||  1480
Block: Buckler           |       |       |    88 |   188 |    46 ||   322
